 Dungeon Crawl Stone Soup version 0.28.0-43-g3370ac3207 (webtiles) character file.

Game seed: 803055001450929309

51 Peloso the Skirmisher (level 3, -1/33 HPs)
             Began as a Minotaur Fighter on Mar 17, 2022.
             Slain by a phantom (6 damage)
             ... on level 3 of the Dungeon.
             The game lasted 00:01:45 (1570 turns).

Peloso the Skirmisher (Minotaur Fighter)            Turns: 1570, Time: 00:01:46

Health: -1/33      AC:  7    Str: 20    XL:     3   Next: 57%
Magic:  2/2        EV:  9    Int:  5    God:
Gold:   112        SH:  4    Dex: 11    Spells: 2/2 levels left

rFire   + . .      SeeInvis .   a - +0 long sword
rCold   + . .      Faith    .   c - +0 buckler
rNeg    . . .      Spirit   .   b - +0 scale mail
rPois   +          Reflect  .   (helmet restricted)
rElec   +          Harm     .   (no cloak)
rCorr   +          Rampage  .   (no gloves)
Will    .....                   (no boots)
Stlth   ..........              (no amulet)
HPRegen 0.11/turn               (no ring)
MPRegen 0.08/turn               (no ring)

@: brilliant, resistant
A: horns 2, retaliatory headbutt
a: no special abilities


You were on level 3 of the Dungeon.
You visited 1 branch of the dungeon, and saw 3 of its levels.

You collected 112 gold pieces.

Inventory:

Hand Weapons
 a - a +0 long sword (weapon)
Missiles
 f - a throwing net (quivered)
Armour
 b - a +0 scale mail (worn)
 c - a +0 buckler (worn)
Scrolls
 e - a scroll of blinking {unknown}
 i - a scroll of enchant weapon {unknown}
 j - 2 scrolls of identify {unknown}
 l - a scroll of amnesia {unknown}
 n - a scroll of holy word {unknown}
 o - 2 scrolls of fog {unknown}
 q - a scroll of vulnerability {unknown}
Potions
 d - a potion of might
 h - a potion of cancellation {unknown}
 k - a potion of berserk rage {unknown}
 m - a potion of resistance
 p - a potion of curing {unknown}


   Skills:
 + Level 4.1 Fighting
 + Level 3.6 Long Blades
 + Level 4.0 Armour
 + Level 0.1 Dodging
 + Level 4.0 Shields


You had 2 spell levels left.
You didn't know any spells.
Your spell library was empty.

Dungeon Overview and Level Annotations

Branches:
Dungeon (3/15)

Altars:
Elyvilon

Shops:
D:2 :


Innate Abilities, Weirdness & Mutations

You have a pair of horns on your head.
You reflexively headbutt those who attack you in melee.


Message History

The phantom hits you!
The phantom blinks!
You blink.
You closely miss the phantom.
The phantom is heavily damaged.
The phantom hits you.
* * * LOW HITPOINT WARNING * * *
The phantom blinks!
You blink.
You barely miss the phantom. Your headbutt misses the phantom.
The phantom is heavily damaged.
The phantom barely misses you.
You hit the phantom but do no damage.
The phantom is heavily damaged.
The phantom closely misses you. The phantom hits you.
* * * LOW HITPOINT WARNING * * *
You hit the phantom. You headbutt the phantom.
The phantom is severely damaged.
The phantom hits you.
* * * LOW HITPOINT WARNING * * *
You closely miss the phantom.
The phantom is severely damaged.
The phantom hits you but does no damage.
It was a potion of resistance.
You feel protected.
The phantom hits you but does no damage.
It was a potion of brilliance.
You feel clever all of a sudden. The phantom closely misses you.
You barely miss the phantom. Your headbutt misses the phantom.
The phantom is heavily damaged.
The phantom barely misses you.
You closely miss the phantom.
The phantom is heavily damaged.
The phantom closely misses you.
You barely miss the phantom.
The phantom is heavily damaged.
The phantom closely misses you. The phantom barely misses you.
You furiously retaliate!
You headbutt the phantom! You closely miss the phantom.
Your headbutt misses the phantom.
The phantom is almost destroyed.
The phantom hits you.
You die...

###.##################
##...######## #.......#...#
#.#...#.(.#.# ##...#...#...#
#...###.###.###
#....#...#....#
#..#...#...#..#
#....#W@.#....#
#.#.###.###.#.#
#....#...#....#
######..#...#...#..###
.....<....#...#.รท..<.#####
.........#.......###......##
...........................
......#######.###..######.#
...... #># ##..#####.###


You could see a phantom.

Vanquished Creatures
  A worm (D:2)
  2 dart slugs
  5 endoplasms
  5 giant cockroaches
  4 goblins
  2 hobgoblins
  3 jackals (D:1)
  3 ball pythons
  5 bats
  A frilled lizard (D:1)
  5 kobolds
  3 rats
39 creatures vanquished.

Notes
Turn   | Place    | Note
-------+----------+-------------------------------------------
     0 | D:1      | Peloso the Minotaur Fighter began the quest for the Orb.
     0 | D:1      | Reached XP level 1. HP: 19/19 MP: 0/0
   116 | D:1      | Reached XP level 2. HP: 24/27 MP: 1/1
   725 | D:2      | Found a white marble altar of Elyvilon.
   796 | D:2      | Reached XP level 3. HP: 26/31 MP: 2/2
  1007 | D:2      | Found Mefo's Book Shop.
  1544 | D:3      | Noticed a phantom
  1570 | D:3      | Slain by a phantom

Illustrated notes

Levels and vault maps discovered:
D:1:      roderic_dead_forest, layout_rooms, minmay_crystal_room,
          bh_walls_and_bars
D:2:      layout_loops_ring, basic_altar, serial_shops, nicolae_shop_stone,
          hangedman_decor_growths
D:3:      layout_rooms, chequers_garden, minmay_misc_feat_four_crosses

Skill      XL: |  1  2  3 |
---------------+----------+-----
Fighting       | 4 |  4.1
Shields        | 4 |  4.0
Long Blades    | 3 |  3.6
Armour         | 4 |  4.0
Dodging        | |  0.1

Action                   || total
-------------------------++-------
Melee: Long sword        ||    80
       Headbutt          ||    11
  Use: Potion            ||     2
Armor: Scale mail        ||    47
Dodge: Dodged            ||    42
Block: Buckler           ||    19
